cohdb
Replays
Latest Replays
All Replays
Popular Replays
Top Player Replays
Match Explorer
How It Works
Community
CoH3 Stats
Reddit
Sign in to upload your games and track your stats! →
Sign in with Steam
Match 19778912
Unlisted
Match 19778912
Overview
Messages
Build Orders
End
Construct Infanterie Kompanie
Selects Italian Coastal Battlegroup
Selects Coastal Reserves
Coastal Reserve
MG 42 Machine Gun Team
Coastal Reserve
Coastal Reserve
Selects Artillery Officer
Artillery Officer
Construct Luftwaffe Kompanie
Medical Bunker
Jäger Squad
221 Scout Car
Support Elements
Jäger Squad
Selects Designate Defensive Line
Selects Designated Artillery Overwatch
Luftwaffe Officer Quarters
Wirbelwind Flakpanzer
MG 42 Bunker
MonoChrome
DanielWise
Sev | Stryker
cannot compute
0
0
Comments
sign in to comment!
No comments posted yet!